 Dungeon Crawl Stone Soup version 0.19.4-25-g1b72edd (webtiles) character file.

53 bloodus the Magician (level 3, -2/19 HPs)
             Began as a Deep Elf Wizard on Mar 1, 2017.
             Slain by a gnoll
             ... wielding a +0 spear
              (5 damage)
             ... on level 2 of the Dungeon.
             The game lasted 00:19:03 (2892 turns).

bloodus the Magician (Deep Elf Wizard)              Turns: 2892, Time: 00:19:05

Health: -2/19      AC:  3    Str:  4    XL:     3   Next: 64%
Magic:  6/12       EV: 13    Int: 23    God:
Gold:   68         SH:  0    Dex: 13    Spells: 5 memorised, 4 levels left

rFire  . . .     SeeInvis .     e - +0 dagger
rCold  . . .     Gourm    .     a - +0 robe
rNeg   . . .     Faith    .     (no shield)
rPois  .         Spirit   .     b - +0 hat
rElec  .         Reflect  .     (no cloak)
rCorr  .         Harm     .     (no gloves)
MR     .....                    g - +0 pair of boots
Stlth  ++........               (no amulet)
                                (no ring)
                                (no ring)

@: no status effects
A: no striking features
a: no special abilities


You were on level 2 of the Dungeon.
You were very hungry.

You visited 1 branch of the dungeon, and saw 2 of its levels.

You collected 68 gold pieces.

Inventory:

Hand Weapons
 e - a +0 dagger (weapon)
Armour
 a - a +0 robe (worn)
 b - a +0 hat (worn)
 g - a +0 pair of boots (worn)
Scrolls
 f - 5 scrolls of immolation {unknown}
 h - a scroll of remove curse {unknown}
 j - a scroll of teleportation {unknown}
 k - a scroll of enchant armour {unknown}
 m - a scroll of identify {unknown}
Potions
 i - a potion of heal wounds {unknown}
 l - a potion of mutation {unknown}
 n - a potion of magic {unknown}
Books
 c - a book of Minor Magic

   Spells                             Type                      Level
   a - Magic Dart                     Conjuration                  1
   b - Blink                          Translocation                2
   c - Call Imp                       Summoning                    2
   d - Repel Missiles                 Charms/Air                   2
   e - Slow                           Hexes                        2
   f - Conjure Flame                  Conjuration/Fire             3
   g - Mephitic Cloud                 Conjuration/Poison/Air       3
Comestibles
 d - a royal jelly


   Skills:
 + Level 2.6 Dodging
 + Level 2.8 Stealth
 + Level 5.6 Spellcasting
 + Level 1.5 Conjurations
 + Level 1.8 Summonings
 + Level 1.1 Translocations


You had 4 spell levels left.
You knew the following spells:

 Your Spells              Type           Power        Failure   Level  Hunger
a - Magic Dart            Conj           ##..         4%          1    None
b - Call Imp              Summ           ##......     10%         2    None
c - Repel Missiles        Chrm/Air       #.....       17%         2    None
d - Blink                 Tloc           N/A          10%         2    None
e - Slow                  Hex            #.......     17%         2    None


Dungeon Overview and Level Annotations

Branches:
Dungeon (2/15)

Altars:


Message History

The gnoll barely misses you. The gnoll closely misses you.
Casting: Magic Dart
Confirm with . or Enter, or press ? or * to list all spells.
Aiming: Magic Dart
Press: ? - help, Shift-Dir - straight line, f/p - gnoll
Aim: a gnoll, wielding a spear (lightly wounded)
The magic dart hits the gnoll.
The gnoll is moderately wounded.
The gnoll hits you from afar with a spear!
Casting: Magic Dart
Confirm with . or Enter, or press ? or * to list all spells.
Aiming: Magic Dart
Press: ? - help, Shift-Dir - straight line, f/p - gnoll
Aim: a gnoll, wielding a spear (moderately wounded)
The magic dart hits the gnoll.
The gnoll is moderately wounded.
The gnoll hits you from afar with a spear.
* * * LOW HITPOINT WARNING * * *
The gnoll hits you from afar with a spear.
You die...

#.....).....# #
#..##.).#.#.###
#.#...#...#...#.# ##
#.#.#.#...# #...# .
#...............# .# #
....#.##....#.###.####.##.#
....#.##....#.##.........
.####'##..........g5.#.#
.#.....#...##.##@.g....#
.#.....##>.##.##.##.####
.#........... #.##.####
.####.##########.##)##.#
.####.###..............#
......#.....####.###.#.#
#######.#..#.........#.#
...................###.#
##.##.#.####.##........#


You could see 2 gnolls and a friendly crimson imp.

Vanquished Creatures
  A gnoll (D:2)
  2 leopard geckos (D:1)
  6 goblins
  3 hobgoblins (D:1)
  A kobold (D:1)
  A ball python (D:1)
  2 bats
  4 frilled lizards (D:1)
  3 rats
23 creatures vanquished.

Vanquished Creatures (collateral kills)
  Robin (D:2)
  An ooze (D:1)
  A giant cockroach (D:1)
  6 goblins
  3 hobgoblins
  2 kobolds (D:1)
  A bat (D:1)
15 creatures vanquished.

Grand Total: 38 creatures vanquished

Notes
Turn   | Place    | Note
-------+----------+-------------------------------------------
     0 | D:1      | bloodus the Deep Elf Wizard began the quest for the Orb.
     0 | D:1      | Reached XP level 1. HP: 10/10 MP: 7/7
   679 | D:1      | Reached skill level 5 in Spellcasting
   679 | D:1      | Reached XP level 2. HP: 13/15 MP: 8/10
   686 | D:1      | Learned a level 2 spell: Call Imp
   691 | D:1      | Learned a level 2 spell: Repel Missiles
   698 | D:1      | Learned a level 2 spell: Blink
   701 | D:1      | Learned a level 2 spell: Slow
  2585 | D:2      | Reached XP level 3. HP: 19/19 MP: 10/12
  2609 | D:2      | Noticed Robin
  2622 | D:2      | Killed Robin
  2892 | D:2      | Slain by a gnoll

Skill      XL: |  1 |
---------------+----+-----
Spellcasting   | 5 |  5.6
Dodging        | |  2.6
Stealth        | |  2.8
Conjurations   | |  1.5
Summonings     | |  1.8
Translocations | |  1.1

Action                   || total
-------------------------++-------
Melee: Dagger            ||    10
       Unarmed           ||     5
 Cast: Magic Dart        ||    49
       Call Imp          ||    13
  Eat: Bread ration      ||     1
Armor: Robe              ||     8
Dodge: Dodged            ||    41
